 Dungeon Sprint DCSS version 0.27-a0-1291-geefcff550b (webtiles) character file.

Game seed: 15546814945335993649

17861 mhtbhm the Sorcerer (level 12, -4/53 HPs)
             Began as a Spriggan Earth Elementalist on June 15, 2021.
             Was the Champion of Vehumet.
             Asphyxiated
             ... in the Dungeon (Sprint III: "The Ten Rune Challenge").
             The game lasted 00:08:29 (2922 turns).

mhtbhm the Sorcerer (Spriggan Earth Elementalist)   Turns: 2922, Time: 00:08:29

Health: -4/53      AC:  4    Str:  6    XL:     12   Next: 22%
Magic:  17/41      EV: 24    Int: 21    God:    Vehumet [******]
Gold:   3509       SH:  0    Dex: 16    Spells: 35/59 levels left

rFire    + . .     SeeInvis +   s - +10 dagger "Maudoad" {vorpal, Fly Str+2 Stlth-}
rCold    + + .     Faith    .   (shield restricted)
rNeg     . . .     Spirit   .   b - +1 robe {rC+ rF+}
rPois    .         Reflect  .   (helmet restricted)
rElec    +         Harm     .   k - +0 cloak
rCorr    .         Rampage  .   (gloves unavailable)
Will     ++...     NoTele   +   (boots unavailable)
Stlth    ++........             (no amulet)
HPRegen  0.17/turn              w - ring of willpower
MPRegen  0.27/turn              x - ring "Saony" {rElec rC+ Will- EV+4}

@: lethally poisoned (-4 -> -17), flying, slowed, studying Necromancy, quick
A: very small, no large weapons, unfitting armour, see invisible, speed 3
a: Renounce Religion


You were in the Dungeon.
You worshipped Vehumet.
Vehumet was exalted by your worship.
You visited 1 branch You collected 3659 gold pieces.
You spent 150 gold pieces at shops.

Inventory:

Hand Weapons
 j - a +3 quarterstaff of chaos
 s - the +10 dagger "Maudoad" (weapon) {vorpal, Fly Str+2 Stlth-}
   (You took it off a deep elf annihilator in the Dungeon)

   It inflicts extra damage upon your enemies.
   It affects your strength (+2).
   It grants you flight.
   It makes you less stealthy.
Armour
 b - a +1 robe of resistance (worn)
 k - a +0 cloak (worn)
Magical Staves
 v - a staff of earth
Jewellery
 t - the amulet "Aqoikhlink" {Faith rElec SInv}
   (You took it off a deep elf demonologist in the Dungeon)

   [amulet of faith]

   It allows you to gain divine favour quickly.
   It insulates you from electricity.
   It lets you see invisible.
 w - a ring of willpower (left hand)
 x - the ring "Saony" (right hand) {rElec rC+ Will- EV+4}
   (You found it in the Dungeon)

   [ring of evasion]

   It affects your evasion (+4).
   It protects you from cold.
   It insulates you from electricity.
   It decreases your willpower.
Wands
 y - a wand of charming (13)
Scrolls
 a - 6 scrolls of identify
 h - 2 scrolls of blinking
 l - a scroll of torment {unknown}
 n - 2 scrolls of immolation {unknown}
 o - a scroll of enchant armour {unknown}
 r - 3 scrolls of silence {unknown}
 u - 2 scrolls of amnesia {unknown}
Potions
 d - 2 potions of heal wounds
 e - a potion of haste
 f - a potion of magic
 g - 2 potions of berserk rage
 i - 2 potions of might
 m - 3 potions of flight
 p - 4 potions of mutation
Miscellaneous
 q - a box of beasts


   Skills:
 + Level 1.4 Fighting
 + Level 6.5 Dodging
 + Level 4.9 Stealth
 + Level 24.0 Spellcasting
 + Level 3.2 Conjurations
 + Level 2.7 Transmutations
 + Level 18.2 Earth Magic
 + Level 1.5 Evocations


You had 35 spell levels left.
You knew the following spells:

 Your Spells              Type           Power      Damage    Failure   Level
a - Sandblast             Erth           100%       2d20      0%          1
b - Passwall              Tmut/Erth      51%        N/A       1%          2
c - Stone Arrow           Conj/Erth      100%       3d13      1%          3
d - Lee's Rapid Deconstr  Erth           40%        3d21*     0%          5
e - Petrify               Tmut/Erth      62%        N/A       1%          4
f - Shatter               Erth           40%        3d31*     22%         9

Your spell library contained the following spells:

 Spells                   Type           Power      Damage    Failure   Level
 Spellforged Servitor     Conj/Summ      16%        N/A       82%         7
 Animate Skeleton         Necr           50%        N/A       1%          1
 Corona                   Hex            27%        N/A       1%          1
 Freeze                   Ice            100%       1d11      1%          1
 Summon Small Mammal      Summ           100%       N/A       1%          1
 Conjure Flame            Conj/Fire      32%        6-21      1%          3
 Inner Flame              Hex/Fire       25%        N/A       1%          3
 Animate Armour           Summ/Erth      100%       N/A       1%          4
 Borgnjor's Vile Clutch   Necr/Erth      29%        N/A       1%          5
 Call Imp                 Summ           25%        N/A       2%          2
 Corpse Rot               Necr/Air       N/A        N/A       2%          2
 Ensorcelled Hibernation  Hex/Ice        50%        N/A       2%          2
 Call Canine Familiar     Summ           25%        N/A       4%          3
 Summon Guardian Golem    Hex/Summ       25%        N/A       4%          3
 Summon Ice Beast         Ice/Summ       25%        N/A       16%         4
 Summon Lightning Spire   Summ/Air       25%        N/A       16%         4
 Agony                    Necr           25%        N/A       38%         5
 Excruciating Wounds      Necr           12%        N/A       38%         5
 Silence                  Hex/Air        12%        N/A       38%         5
 Shadow Creatures         Summ           N/A        N/A       93%         6
 Simulacrum               Ice/Necr       12%        N/A       93%         6


Dungeon Overview and Level Annotations

Branches:
Dungeon (1/1)

Altars:
Cheibriados
Dithmenos
Elyvilon
Fedhas
Gozag
Hepliaklqana
Kikubaaqudgha
Makhleb
Nemelex Xobeh
Okawaru
Qazlal
Ru
Sif Muna
Trog
Uskayaw
Vehumet
Wu Jian
Xom
Yredelemnul
Zin
The Shining One
Beogh
Jiyva
Lugonu

Shops:
D *

Annotations:
D Frances


Innate Abilities, Weirdness & Mutations

You are very small and have problems with some larger weapons.
You are too small for most types of armour.
You have supernaturally acute eyesight. (SInv)
You cover ground extremely quickly. (Speed+++)


Message History

Press: ? - help, Dir - move target A rock wall.
The wall shatters!
The blast of rock fragments hits Frances!
Frances is severely wounded.
The blast of rock fragments hits Donald!
You kill Donald!
Vehumet accepts your kill.
Frances throws a curare-tipped dart.
The curare-tipped dart hits you.
You are lethally poisoned!
You have difficulty breathing.
* * * LOW HITPOINT WARNING * * *
You feel yourself slow down.
Your Spellcasting skill increases to level 24!
Unknown command.
Unknown command.
Unknown command.
You feel better.
Frances chants phrases taken from a devil's mouth.
Unknown command.
Casting: Lee's Rapid Deconstruction (safe; 0% risk of failure)
Confirm with . or Enter, or press ? or * to list all spells.
Aiming: Lee's Rapid Deconstruction (safe; 0% risk of failure)
Press: ? - help, Dir - move target A rock wall.
The wall shatters!
The blast of rock fragments hits the sixfirhy!!
The sixfirhy is severely wounded.
The blast of rock fragments hits Frances!!
Frances is almost dead.
The sixfirhy barely misses you.
Frances mutters in a terrible tongue.
The sixfirhy hits you!
* * * LOW HITPOINT WARNING * * *
The sixfirhy shocks you. You resist.
* * * LOW HITPOINT WARNING * * *
Frances throws a curare-tipped dart.
The curare-tipped dart hits you.
You are lethally poisoned!
You have difficulty breathing.
You die...

#.####.######################*,,,
###########################***,,,
...#.#.#.....#.^....††..≈≈#,**,,,
[#))#.##.###.#.....†#†..≈≈###****
#)#.#.##.#.[##...^^.#†..≈≈≈≈#*,,,
..#..#..##.)'.......#...≈≈≈≈#*,**
▓▓▓▓▓▓▓▓▓▓▓▓#....^^^#.......#*,,,
......≈≈≈...#.......#.......#****
≈≈≈≈≈≈≈≈♣♣P.'3^3@^^.#.......#*,,,
♣♣♣♣♣♣♣♣♣♣PP#..)....#########****
♣♣♣##@######*********,,,
************#..,+,≈≈≈≈**,,≈≈≈**,*
*≈≈≈≈≈≈,,*,,#..,*,≈≈≈≈*≈,≈*≈≈*,*,
*≈≈≈≈≈,,,*,,#..,*,*≈≈≈**≈**≈≈*,,*
*+≈≈≈≈≈****+###**,*,≈≈≈***≈≈≈*,*,
,*≈≈,,,,,,,,*,,,,,***≈≈≈≈≈≈≈≈****
,*≈,,+*******,,,,,*,*,≈≈≈≈≈≈≈*,,,


You could see Frances, a sixfirhy (summoned) and a neqoxec (summoned).

Vanquished Creatures
  Donald (D)
  2 deep elf demonologists (D)
  2 deep elf annihilators (D)
  Erolcha (D)
  2 deep elf high priests (D)
  3 orc high priests (D)
  4 deep elf pyromancers (D)
  2 deep elf zephyrmancers (D)
  An orc sorcerer (D)
  A queen bee (D)
  3 wandering mushrooms (D)
  2 redbacks (D)
  A shadow (D)
  A spatial vortex (D)
  2 orc warriors (D)
  A necrophage (D)
  5 two-headed ogres (D)
  A water elemental (D)
  32 killer bees (D)
  A jelly (D)
  3 orc priests (D)
  Crazy Yiuf (D)
  Jessica (D)
  A wizard (D)
  A necromancer (D)
  A kobold demonologist (D)
  3 humans (D)
  9 orcs (D)
  An endoplasm (D)
  A rat (D)
90 creatures vanquished.

Vanquished Creatures (collateral kills)
  A deep elf blademaster (D)
1 creature vanquished.

Vanquished Creatures (others)
  A hydra (D)
  4 plants (D)
5 creatures vanquished.

Grand Total: 96 creatures vanquished

Notes
Turn   | Place    | Note
-------+----------+-------------------------------------------
     0 | D        | mhtbhm the Spriggan Earth Elementalist began the quest for
                  | the Orb.
     0 | D        | Reached XP level 1. HP: 9/9 MP: 5/5
   144 | D        | Killed an eight-headed hydra
   171 | D        | Noticed Jessica
   174 | D        | Killed Jessica
   175 | D        | Reached skill level 4 in Spellcasting
   175 | D        | Reached XP level 2. HP: 13/13 MP: 2/8
   296 | D        | Reached skill level 5 in Spellcasting
   296 | D        | Reached skill level 5 in Earth Magic
   296 | D        | Reached XP level 3. HP: 16/16 MP: 1/10
   299 | D        | Learned a level 2 spell: Passwall
   303 | D        | Learned a level 3 spell: Stone Arrow
   389 | D        | Noticed Crazy Yiuf
   394 | D        | Killed Crazy Yiuf
   395 | D        | Reached XP level 4. HP: 21/21 MP: 8/12
   470 | D        | Noticed a water elemental
   491 | D        | Killed a water elemental
   492 | D        | Reached skill level 7 in Spellcasting
   779 | D        | Found a radiant altar of Vehumet.
   780 | D        | Found a shimmering blue altar of Sif Muna.
   780 | D        | Found an ancient bone altar of Kikubaaqudgha.
   780 | D        | Noticed a wizard
   784 | D        | Noticed an orange demon
   785 | D        | Killed a wizard
   786 | D        | Reached skill level 8 in Spellcasting
   786 | D        | Reached XP level 5. HP: 18/24 MP: 9/16
   787 | D        | Noticed a soul eater
   889 | D        | Found a glowing silver altar of Zin.
   900 | D        | Became a worshipper of Vehumet
   914 | D        | Learned a level 5 spell: Lee's Rapid Deconstruction
   919 | D        | Learned a level 4 spell: Petrify
   921 | D        | Found a glowing golden altar of the Shining One.
   922 | D        | Found a white marble altar of Elyvilon.
   923 | D        | Noticed a deep elf pyromancer
   960 | D        | Killed a deep elf pyromancer
   961 | D        | Reached skill level 1 in Fighting
   961 | D        | Reached skill level 5 in Dodging
   961 | D        | Reached skill level 12 in Spellcasting
   961 | D        | Reached skill level 1 in Conjurations
   961 | D        | Reached XP level 6. HP: 30/30 MP: 4/22
   961 | D        | Reached XP level 7. HP: 33/33 MP: 4/23
  1041 | D        | Noticed a shadow
  1048 | D        | Killed a shadow
  1048 | D        | Reached * piety under Vehumet
  1048 | D        | Offered knowledge of Freeze by Vehumet.
  1049 | D        | Reached skill level 13 in Spellcasting
  1049 | D        | Reached skill level 10 in Earth Magic
  1166 | D        | Found a hide-covered altar of Uskayaw.
  1166 | D        | Found an iron altar of Okawaru.
  1166 | D        | Found a bloodstained altar of Trog.
  1166 | D        | Found an ornate altar of the Wu Jian Council.
  1166 | D        | Noticed a human
  1166 | D        | Noticed a human
  1169 | D        | Killed a human
  1170 | D        | Killed a human
  1171 | D        | Reached skill level 14 in Spellcasting
  1171 | D        | Reached XP level 8. HP: 37/37 MP: 5/27
  1238 | D        | Found a basalt altar of Yredelemnul.
  1238 | D        | Found a shadowy altar of Dithmenos.
  1238 | D        | Found a sacrificial altar of Ru.
  1239 | D        | Reached ** piety under Vehumet
  1239 | D        | Offered knowledge of Poisonous Vapours by Vehumet.
  1329 | D        | Found a blossoming altar of Fedhas.
  1329 | D        | Found a stormy altar of Qazlal.
  1329 | D        | Found a snail-covered altar of Cheibriados.
  1329 | D        | Found a burning altar of Makhleb.
  1329 | D        | Found a shimmering altar of Xom.
  1330 | D        | Found a hazy altar of Hepliaklqana.
  1330 | D        | Found an opulent altar of Gozag.
  1330 | D        | Found a sparkling altar of Nemelex Xobeh.
  1330 | D        | Found a corrupted altar of Lugonu.
  1330 | D        | Found a viscous altar of Jiyva.
  1420 | D        | Reached *** piety under Vehumet
  1421 | D        | Reached skill level 15 in Spellcasting
  1422 | D        | Offered knowledge of Frozen Ramparts by Vehumet.
  1574 | D        | Noticed Erolcha
  1575 | D        | Noticed a two-headed ogre
  1578 | D        | Killed a two-headed ogre
  1578 | D        | Killed Erolcha
  1578 | D        | Reached **** piety under Vehumet
  1579 | D        | Reached skill level 17 in Spellcasting
  1579 | D        | Reached XP level 9. HP: 17/41 MP: 10/31
  1579 | D        | Noticed a two-headed ogre
  1581 | D        | Offered knowledge of Conjure Flame by Vehumet.
  1581 | D        | Killed a two-headed ogre
  1709 | D        | Noticed a wandering mushroom
  1713 | D        | Noticed a wandering mushroom
  1716 | D        | Killed a wandering mushroom
  1717 | D        | Reached skill level 18 in Spellcasting
  1717 | D        | Noticed a wandering mushroom
  1724 | D        | Killed a wandering mushroom
  1728 | D        | Killed a wandering mushroom
  1849 | D        | Noticed an orc sorcerer
  1850 | D        | Offered knowledge of Hailstorm by Vehumet.
  1850 | D        | Reached ***** piety under Vehumet
  1856 | D        | Paralysed by an orc sorcerer for 2 turns
  1857 | D        | Noticed an orc high priest
  1861 | D        | Killed an orc sorcerer
  1862 | D        | Reached skill level 19 in Spellcasting
  1862 | D        | Reached XP level 10. HP: 42/46 MP: 8/34
  1865 | D        | Killed an orc high priest
  1866 | D        | Reached ****** piety under Vehumet
  1871 | D        | Noticed an orc high priest
  1874 | D        | Killed an orc high priest
  1874 | D        | Noticed an orc high priest
  1884 | D        | Killed an orc high priest
  1885 | D        | Reached skill level 20 in Spellcasting
  1987 | D        | Found Peereoda's General Store.
  2023 | D        | Bought a scroll of blinking for 75 gold pieces
  2023 | D        | Bought 2 scrolls of identify for 40 gold pieces
  2028 | D        | Noticed a deep elf zephyrmancer
  2028 | D        | Noticed a deep elf pyromancer
  2028 | D        | Noticed a deep elf pyromancer
  2028 | D        | Noticed a deep elf zephyrmancer
  2028 | D        | Noticed a deep elf pyromancer
  2037 | D        | Killed a deep elf pyromancer
  2037 | D        | Offered knowledge of Bolt of Magma by Vehumet.
  2038 | D        | Reached skill level 15 in Earth Magic
  2038 | D        | Killed a deep elf pyromancer
  2044 | D        | Killed a deep elf pyromancer
  2045 | D        | Killed a deep elf zephyrmancer
  2046 | D        | Reached skill level 21 in Spellcasting
  2046 | D        | Reached XP level 11. HP: 49/49 MP: 23/37
  2048 | D        | Killed a deep elf zephyrmancer
  2049 | D        | Reached skill level 1 in Evocations
  2119 | D        | Identified the +10 dagger "Maudoad" {vorpal, Fly Str+2
                  | Stlth-}
  2119 | D        | Noticed a deep elf annihilator
  2129 | D        | Killed a deep elf annihilator
  2214 | D        | Noticed a deep elf high priest
  2218 | D        | Noticed a deep elf high priest
  2219 | D        | Killed a deep elf high priest
  2220 | D        | Killed a deep elf high priest
  2221 | D        | Reached skill level 22 in Spellcasting
  2228 | D        | Identified the +4 hand axe of Todd {venom, Will+ Str-2
                  | Int+4}
  2228 | D        | Noticed a deep elf demonologist
  2231 | D        | Killed a deep elf demonologist
  2231 | D        | Offered knowledge of Ozocubu's Refrigeration by Vehumet.
  2231 | D        | Noticed a deep elf annihilator
  2233 | D        | Noticed a deep elf blademaster
  2374 | D        | Identified the amulet "Aqoikhlink" {Faith rElec SInv}
  2374 | D        | Noticed a deep elf demonologist
  2477 | D        | Killed a deep elf demonologist
  2512 | D        | Killed a deep elf annihilator
  2523 | D        | Killed a deep elf blademaster
  2524 | D        | Reached skill level 23 in Spellcasting
  2604 | D        | Found the +10 Black Knight's barding {ponderous, rPois rN+}
  2604 | D        | Found the +3 pair of seven-league boots {Rampage+∞}
  2633 | D        | Identified Lofoq's Tome of Torrid Stones
  2636 | D        | Identified the ring "Saony" {rElec rC+ Will- EV+4}
  2638 | D        | Identified Naquff's Witchery for Beginners
  2640 | D        | Identified the Reference Book on Necromancy
  2702 | D        | Bought a scroll of magic mapping for 35 gold pieces
  2754 | D        | Learned a level 9 spell: Shatter
  2771 | D        | Offered knowledge of Spellforged Servitor by Vehumet.
  2772 | D        | Reached XP level 12. HP: 53/53 MP: 33/40
  2915 | D        | Noticed Donald
  2916 | D        | Noticed Frances
  2920 | D        | Killed Donald
  2921 | D        | Reached skill level 24 in Spellcasting
  2922 | D        | HP: 1/53 [sixfirhy[Frances] (3)]
  2922 | D        | Asphyxiated

Illustrated notes

Levels and vault maps discovered:
D:        dungeon_sprint_mu [sprint_mu_entry_forest, sprint_mu_temple_rooms,
          sprint_mu_d1_spiders, sprint_mu_d2_genie, sprint_mu_d3_branching,
          sprint_mu_orc_legion, sprint_mu_elf_gauntlet, sprint_mu_hive_nellie,
          sprint_mu_lair_fedhas, sprint_mu_vaults_butterflies,
          sprint_mu_slime_circle, sprint_mu_swamp_cave, sprint_mu_snake_twists,
          sprint_mu_blade_basic, sprint_mu_crypt_lich, sprint_mu_tomb_spiral,
          sprint_mu_vestibule_basic, sprint_mu_gehenna_hellfire,
          sprint_mu_dis_giant, sprint_mu_tartarus_statrot,
          sprint_mu_cocytus_islands, sprint_mu_zot1]

Skill      XL: |  1  2  3  4  5  6  7  8  9 10 11 12 |
---------------+-------------------------------------+-----
Earth Magic    | 4 5 7 9 10 12 13 15 17 18 | 18.2
Dodging        | 3 4 5 6 |  6.5
Stealth        | 4 |  4.9
Spellcasting   | 4 5 8 12 14 17 19 21 23 24 | 24.0
Fighting       | 1 |  1.4
Conjurations   | 1 2 3 |  3.2
Evocations     | 1 |  1.5
Transmutations | 2 |  2.7

Action                   |  1- 3 |  4- 6 |  7- 9 | 10-12 || total
-------------------------+-------+-------+-------+-------++-------
Melee: Unarmed           |     1 |       |       |       ||     1
 Cast: Sandblast         |    18 |    11 |     1 |       ||    30
       Stone Arrow       |       |     2 |     8 |     8 ||    18
       Lee's Rapid Decon |       |     2 |    29 |    55 ||    86
       Petrify           |       |       |       |     1 ||     1
Evoke: Box of beasts     |       |       |       |     2 ||     2
  Use: Potion            |       |     1 |       |     2 ||     3
       Scroll            |       |       |       |     1 ||     1
Armor: Robe              |     1 |     1 |       |       ||     2
Dodge: Dodged            |       |     5 |       |     5 ||    10

Table legend: (Time is in decaauts)
 A = Elapsed time spent in this place.
 B = Non-inter-level travel time spent in this place.
 C = Inter-level travel time spent in this place.
 D = Time resting spent in this place.
 E = Time spent auto-exploring this place.
 F = Levels seen in this place.
 G = Mean time per level.
                   A        B        C        D        E       F      G
               +--------+--------+--------+--------+--------+-----+--------+
         Total |   2679 |   2679 |      0 |   2015 |     48 |   1 | 2679.0 |
       Dungeon |   2679 |   2679 |      0 |   2015 |     48 |   1 | 2679.0 |
               +--------+--------+--------+--------+--------+-----+--------+

Top non-repeatable levels by time:
       D: 2679 daAuts
